 Dungeon Crawl Stone Soup version 0.25-a0-292-gaa31f046c4 (webtiles) character file.

Game seed: 3609903548571647012, levelgen mode: deterministic

774 MoonlitKnight the Charmwright (level 7, -6/56 HPs)
             Began as a Gnoll Skald on Dec 15, 2019.
             Mangled by Pikel
             ... wielding a +0 whip of electrocution
              (20 damage)
             ... on level 4 of the Dungeon.
             The game lasted 00:12:23 (5419 turns).

MoonlitKnight the Charmwright (Gnoll Skald)         Turns: 5419, Time: 00:12:25

Health: -6/56      AC:  7    Str: 15    XL:     7   Next: 84%
Magic:  8/15       EV: 13    Int: 15    God:
Gold:   151        SH:  0    Dex: 15    Spells: 6/17 levels left

rFire    . . .     SeeInvis .   a - +0 spear
rCold    . . .     Gourm    .   (no shield)
rNeg     . . .     Faith    .   c - +0 ring mail
rPois    .         Spirit   .   (no helmet)
rElec    .         Reflect  .   (no cloak)
rCorr    .         Harm     .   (no gloves)
MR       .....                  o - +0 pair of boots
Stlth    ++........             (no amulet)
HPRegen  0.18/turn              (no ring)
MPRegen  0.14/turn              (no ring)

@: very slightly contaminated
A: distributed training, fangs 1, strong nose
a: no special abilities


You were on level 4 of the Dungeon.
You were not hungry.

You visited 1 branch of the dungeon, and saw 5 of its levels.

You collected 151 gold pieces.

Inventory:

Hand Weapons
 a - a +0 spear (weapon)
 b - a +0 hunting sling
Missiles
 n - 15 poisoned darts (quivered)
 q - 9 sling bullets
Armour
 c - a +0 ring mail (worn)
 o - a +0 pair of boots (worn)
Jewellery
 f - an uncursed amulet of rage {unknown}
 k - a cursed -4 ring of protection {unknown}
Scrolls
 e - 5 scrolls of identify {unknown}
 g - a scroll of blinking {unknown}
 i - 2 scrolls of enchant weapon {unknown}
 p - 2 scrolls of teleportation {unknown}
 r - 2 scrolls of magic mapping {unknown}
 s - a scroll of amnesia {unknown}
 t - a scroll of immolation {unknown}
 w - a scroll of noise {unknown}
Potions
 h - a potion of degeneration {unknown}
 j - 2 potions of brilliance {unknown}
 l - a potion of ambrosia {unknown}
 m - a potion of curing {unknown}
 u - a potion of berserk rage {unknown}
Comestibles
 d - 8 rations


   Skills:
 + Level 5.3 Fighting
 + Level 2.7 Short Blades
 + Level 2.7 Long Blades
 + Level 2.7 Axes
 + Level 2.7 Maces & Flails
 + Level 5.3 Polearms
 + Level 2.7 Staves
 + Level 2.7 Slings
 + Level 2.7 Bows
 + Level 2.7 Crossbows
 + Level 2.7 Throwing
 + Level 3.8 Armour
 + Level 5.3 Dodging
 + Level 2.7 Stealth
 + Level 2.7 Shields
 + Level 2.7 Unarmed Combat
 + Level 5.7 Spellcasting
 + Level 2.2 Conjurations
 + Level 2.2 Hexes
 + Level 5.9 Charms
 + Level 2.2 Summonings
 + Level 2.2 Necromancy
 + Level 2.2 Translocations
 + Level 2.2 Transmutations
 + Level 2.2 Fire Magic
 + Level 2.2 Ice Magic
 + Level 2.2 Air Magic
 + Level 2.2 Earth Magic
 + Level 2.2 Poison Magic
 + Level 3.0 Invocations
 + Level 2.7 Evocations


You had 6 spell levels left.
You knew the following spells:

 Your Spells              Type           Power        Failure   Level  Hunger
a - Infusion              Chrm           ###.         2%          1    None
b - Shroud of Golubria    Chrm/Tloc      ###...       8%          2    #......
c - Spectral Weapon       Hex/Chrm       ###.....     16%         3    ###....
d - Regeneration          Chrm/Necr      ###.......   16%         3    ###....
e - Song of Slaying       Chrm           ###.....     3%          2    #......

Your spell library contained the following spells:

 Spells                   Type           Power        Failure   Level  Hunger


Dungeon Overview and Level Annotations

Branches:
Dungeon (5/15)
 Temple: D:4-7

Altars:
Elyvilon
Hepliaklqana
Makhleb
Ru

Shops:
D:4 %

Annotations:
D:3 2 transporters
D:4 Pikel


Innate Abilities, Weirdness & Mutations

Your experience applies equally to all skills.
You have very sharp teeth.
Your uncanny sense of smell can sniff out nearby items.


Message History

You hit Pikel.
Pikel is lightly wounded.
Your skin stops crawling.
Your spectral weapon closely misses Pikel.
The orc hits you with a +0 dagger.
Pikel hits you with a +0 whip of electrocution!
You are electrocuted!
Your spectral weapon fades away.
The orc hits you but does no damage.
Pikel hits you with a +0 whip of electrocution.
You climb upwards.
There is a stone staircase leading down here.
You hit Pikel but do no damage. You punch Pikel, but do no damage.
Your bite misses Pikel.
Pikel is lightly wounded.
The orc barely misses you.
Pikel hits you with a +0 whip of electrocution!
* * * LOW HITPOINT WARNING * * *
You are electrocuted!!
You die...

#.## ########.######.........
#.## ##............###
#..###### #....####...##
#.......#### ##....###...##
##.........#####...........#
###.....###...#...∩.#########
........# ###......## ######
##.....## ##...K..# ##.....
####..# #..@...## #......
#..# #...o...# #..####
####..# ##.......# ##.##
##.....# #......<.# #..###
.....[.# ##........# ##....
####[..# #.........# #####
.#....## #..###....## )...)##
#..# ##....####### ####..#
##.#####......##..##


You could see Pikel and an orc.

Vanquished Creatures
  2 sky beasts (D:5)
  3 slaves (D:5)
  A scorpion (D:4)
  A crimson imp (D:5)
  2 orc priests
  A hound (D:4)
  A centaur skeleton (D:4)
  An iguana (D:4)
  5 orc wizards
  A worker ant (D:5)
  7 adders
  A shadow imp (D:4)
  2 dart slugs
  5 worms
  2 leopard geckos
  17 orcs
  A ball python (D:1)
  5 bats
  10 giant cockroaches
  7 goblins
  4 hobgoblins
  4 jackals (D:1)
  10 kobolds
  5 quokkas
  3 frilled lizards
  A leopard gecko skeleton (D:4)
  A quokka skeleton (D:5)
  6 rats
109 creatures vanquished.

Notes
Turn   | Place    | Note
-------+----------+-------------------------------------------
     0 | D:1      | MoonlitKnight the Gnoll Skald began the quest for the Orb.
     0 | D:1      | Reached XP level 1. HP: 20/20 MP: 6/6
   126 | D:1      | Reached XP level 2. HP: 17/26 MP: 7/7
   749 | D:1      | Reached XP level 3. HP: 31/31 MP: 9/9
  1030 | D:1      | Reached skill level 5 in Spellcasting
  1142 | D:2      | Reached skill level 1 in Invocations
  1355 | D:1      | Learned a level 2 spell: Shroud of Golubria
  1359 | D:1      | Learned a level 3 spell: Spectral Weapon
  1462 | D:2      | Reached skill level 1 in Short Blades
  1462 | D:2      | Reached skill level 1 in Long Blades
  1462 | D:2      | Reached skill level 1 in Axes
  1462 | D:2      | Reached skill level 1 in Maces & Flails
  1462 | D:2      | Reached skill level 1 in Staves
  1462 | D:2      | Reached skill level 1 in Slings
  1462 | D:2      | Reached skill level 1 in Bows
  1462 | D:2      | Reached skill level 1 in Crossbows
  1462 | D:2      | Reached skill level 1 in Throwing
  1462 | D:2      | Reached skill level 1 in Stealth
  1462 | D:2      | Reached skill level 1 in Shields
  1462 | D:2      | Reached skill level 1 in Unarmed Combat
  1462 | D:2      | Reached skill level 1 in Evocations
  1570 | D:2      | Reached XP level 4. HP: 38/38 MP: 6/11
  2060 | D:3      | Found a transporter.
  2189 | D:3      | Found a burning altar of Makhleb.
  2191 | D:3      | Found a sacrificial altar of Ru.
  2237 | D:3      | Found a transporter.
  2259 | D:3      | Reached skill level 1 in Conjurations
  2259 | D:3      | Reached skill level 1 in Hexes
  2259 | D:3      | Reached skill level 1 in Summonings
  2259 | D:3      | Reached skill level 1 in Necromancy
  2259 | D:3      | Reached skill level 1 in Translocations
  2259 | D:3      | Reached skill level 1 in Transmutations
  2259 | D:3      | Reached skill level 1 in Fire Magic
  2259 | D:3      | Reached skill level 1 in Ice Magic
  2259 | D:3      | Reached skill level 1 in Air Magic
  2259 | D:3      | Reached skill level 1 in Earth Magic
  2259 | D:3      | Reached skill level 1 in Poison Magic
  2595 | D:3      | Reached XP level 5. HP: 15/43 MP: 0/12
  3280 | D:3      | Found a hazy altar of Hepliaklqana.
  3530 | D:4      | Found Qank's Food Emporium.
  3535 | D:4      | Learned a level 3 spell: Regeneration
  3538 | D:4      | Learned a level 2 spell: Song of Slaying
  3650 | D:4      | Reached XP level 6. HP: 22/50 MP: 5/13
  3862 | D:4      | Reached skill level 5 in Fighting
  3862 | D:4      | Reached skill level 5 in Polearms
  3862 | D:4      | Reached skill level 5 in Dodging
  4044 | D:4      | Reached XP level 7. HP: 55/56 MP: 4/15
  4718 | D:5      | Entered Level 5 of the Dungeon
  4754 | D:5      | Found a white marble altar of Elyvilon.
  5131 | D:5      | Noticed Pikel
  5419 | D:4      | Mangled by Pikel

Levels and vault maps discovered:
D:1:      roderic_dead_forest, layout_basic, wad_floor_pattern_untrapped,
          minmay_misc_feat_secret_circle
D:2:      layout_basic, first_ration, serial_forest,
          infiniplex_forest_lined_4_way, infiniplex_forest_fountain,
          infiniplex_forest_clump_small, infiniplex_forest_lined_3,
          infiniplex_forest_end_3, infiniplex_forest_straight_4,
          infiniplex_forest_lined_room_2
D:3:      layout_basic, lemuel_round_altar, gammafunk_temple_overflow_arena
D:4:      layout_layer_cave, serial_shops, shop
D:5:      layout_loops_ring, overflow_temple_1_default, uniq_pikel

Skill      XL: |  1  2  3  4  5  6  7 |
---------------+----------------------+-----
Spellcasting   | 5 |  5.7
Invocations    | 1 2 3 |  3.0
Short Blades   | 1 2 |  2.7
Long Blades    | 1 2 |  2.7
Axes           | 1 2 |  2.7
Maces & Flails | 1 2 |  2.7
Staves         | 1 2 |  2.7
Slings         | 1 2 |  2.7
Bows           | 1 2 |  2.7
Crossbows      | 1 2 |  2.7
Throwing       | 1 2 |  2.7
Stealth        | 1 2 |  2.7
Shields        | 1 2 |  2.7
Unarmed Combat | 1 2 |  2.7
Evocations     | 1 2 |  2.7
Conjurations   | 1 2 |  2.2
Hexes          | 1 2 |  2.2
Summonings     | 1 2 |  2.2
Necromancy     | 1 2 |  2.2
Translocations | 1 2 |  2.2
Transmutations | 1 2 |  2.2
Fire Magic     | 1 2 |  2.2
Ice Magic      | 1 2 |  2.2
Air Magic      | 1 2 |  2.2
Earth Magic    | 1 2 |  2.2
Poison Magic   | 1 2 |  2.2
Armour         | 3 |  3.8
Fighting       | 5 |  5.3
Polearms       | 5 |  5.3
Dodging        | 5 |  5.3
Charms         | |  5.9

Action                   |  1- 3 |  4- 6 |  7- 9 || total
-------------------------+-------+-------+-------++-------
Melee: Spear             |   123 |   202 |   105 ||   430
       Bite              |    13 |    17 |    14 ||    44
       Punch             |       |     3 |     1 ||     4
 Fire: Hunting sling     |       |       |    13 ||    13
 Cast: Infusion          |     4 |    12 |     5 ||    21
       Spectral Weapon   |     1 |     8 |     6 ||    15
       Shroud of Golubri |       |     1 |     2 ||     3
       Regeneration      |       |       |     1 ||     1
 Stab: Sleeping          |       |     2 |       ||     2
       Distracted        |       |     1 |     1 ||     2
  Eat: Chunk             |     2 |     9 |     5 ||    16
Armor: Ring mail         |    29 |    44 |    33 ||   106
Dodge: Dodged            |    50 |    94 |    73 ||   217

Table legend:
 A = Non-vault XP
 B = Vault XP
 C = Vault XP percentage of total XP
 D = Non-vault monster count
 E = Vault monster count
 F = Vault count percentage of total count
                 A         B        C        D         E       F
            +---------+---------+-------+---------+---------+-------
      Total |    1106 |       0 |   0.0 |     106 |       0 |   0.0
            +---------+---------+-------+---------+---------+-------
        D:1 |      40 |       0 |   0.0 |      23 |       0 |   0.0
        D:2 |      68 |       0 |   0.0 |      25 |       0 |   0.0
        D:3 |     202 |       0 |   0.0 |      26 |       0 |   0.0
        D:4 |     413 |       0 |   0.0 |      22 |       0 |   0.0
        D:5 |     383 |       0 |   0.0 |      10 |       0 |   0.0
            +---------+---------+-------+---------+---------+-------
